 Dungeon Crawl Stone Soup version 0.17.0-24-gcfadda4 (webtiles) character file.

14178 tp1 the Thaumaturge (level 11, -5/57 HPs)
             Began as a Deep Elf Conjurer on Nov 15, 2015.
             Was a Priest of Vehumet.
             Slain by a five-headed hydra (16 damage)
             ... on level 11 of the Dungeon.
             The game lasted 01:29:44 (17064 turns).

tp1 the Thaumaturge (Deep Elf Conjurer)            Turns: 17064, Time: 01:29:45

Health: -5/57      AC:  5    Str:  5    XL:     11   Next: 85%
Magic:  22/30      EV: 13    Int: 24    God:    Vehumet [***...]
Gold:   484        SH:  0    Dex: 15    Spells: 10 memorised, 5 levels left

rFire  . . .     SeeInvis .     n - staff of energy
rCold  + . .     Clarity  .     z - +2 leather armour {MR+}
rNeg   . . .     SustAt   .     (no shield)
rPois  +         Gourm    .     (helmet restricted)
rElec  .         Spirit   .     p - +0 cloak
rCorr  .         Warding  .     o - +0 pair of gloves
rMut   .         Stasis   .     (no boots)
MR     ++...                    (no amulet)
Stlth  +++.......               A - ring "Xeankoluc" {rC+ Stlth+}
                                s - ring of poison resistance

@: very slightly contaminated, very resistant to hostile enchantments, fairly
stealthy
A: antennae 2, deformed body, slow regeneration 1
a: Renounce Religion


You were on level 11 of the Dungeon.
You worshipped Vehumet.
Vehumet was most pleased with you.
You were not hungry.

You visited 3 branches of the dungeon, and saw 14 of its levels.
You also visited: Bailey.

You collected 939 gold pieces.
You spent 455 gold pieces at shops.

Inventory:

Hand Weapons
 D - a +2 quarterstaff of protection
Armour
 a - a +0 robe
 o - a +0 pair of gloves (worn)
 p - a +0 cloak (worn)
 z - a +2 leather armour of magic resistance (worn)
 K - the +0 Maxwell's etheric cage {RegenMP *Contam rElec MP+4}
   (You found it in a bailey)

   It insulates you from electricity.
   It affects your magic capacity (+4).
   It causes magical contamination when unequipped.
 Q - a +2 hat
Magical Staves
 n - an uncursed staff of energy (weapon)
Jewellery
 s - a ring of poison resistance (left hand)
 A - the ring "Xeankoluc" (right hand) {rC+ Stlth+}
   (You found it on level 4 of the Dungeon)

   [ring of stealth]

   It protects you from cold.
   It makes you more stealthy.
Wands
 q - a wand of slowing (35)
 w - a wand of digging (24)
 G - a wand of paralysis (12)
 H - a wand of confusion (16)
 S - a wand of random effects (21)
 U - a wand of paralysis (9)
 Z - a wand of polymorph (10)
Scrolls
 d - 3 scrolls of enchant weapon
 e - 4 scrolls of fear
 g - 2 scrolls of teleportation
 m - 5 scrolls of remove curse
 r - 2 scrolls of random uselessness
 y - 6 scrolls of amnesia
 N - a scroll of immolation
 O - a scroll of fog
Potions
 f - 2 potions of invisibility
 h - 3 potions of curing
 j - 3 potions of lignification
 l - 2 potions of flight
 t - a potion of heal wounds
 u - 4 potions of might
 x - a potion of cancellation
 B - a potion of resistance
 C - 2 potions of haste
 F - a potion of berserk rage
 I - a potion of brilliance
 M - a potion of degeneration
Books
 b - a book of Conjurations

   Spells                             Type                      Level
   a - Magic Dart                     Conjuration                  1
   b - Searing Ray                    Conjuration                  2
   c - Dazzling Spray                 Conjuration/Hexes            3
   d - Fulminant Prism                Conjuration/Hexes            4
   e - Iskenderun's Mystic Blast      Conjuration                  4
   f - Iskenderun's Battlesphere      Conjuration/Charms           5
 L - a book of Alchemy

   Spells                             Type                      Level
   a - Sublimation of Blood           Necromancy                   2
   b - Ignite Poison                  Fire/Transmutation/Poison    3
   c - Alistair's Intoxication        Transmutation/Poison         4
   d - Condensation Shield            Ice                          4
   e - Petrify                        Transmutation/Earth          4
   f - Irradiate                      Conjuration/Transmutation    5
 W - a book of Flames

   Spells                             Type                      Level
   a - Flame Tongue                   Conjuration/Fire             1
   b - Throw Flame                    Conjuration/Fire             2
   c - Conjure Flame                  Conjuration/Fire             3
   d - Inner Flame                    Hexes/Fire                   3
   e - Sticky Flame                   Conjuration/Fire             4
   f - Fireball                       Conjuration/Fire             5
 Y - a book of Spatial Translocations

   Spells                             Type                      Level
   a - Apportation                    Translocation                1
   b - Blink                          Translocation                2
   c - Shroud of Golubria             Charms/Translocation         2
   d - Portal Projectile              Translocation                3
   e - Teleport Other                 Translocation                3
   f - Passage of Golubria            Translocation                4
Miscellaneous
 X - a lantern of shadows
Comestibles
 c - 11 bread rations
 i - 10 meat rations
 v - 10 beef jerkies
 E - 7 chunks of flesh
 J - 12 royal jellies
 R - 2 fruits


   Skills:
 - Level 2.3 Fighting
 - Level 5.0 Dodging
 - Level 2.4 Stealth
 - Level 13.0 Spellcasting
 - Level 9.4 Conjurations
 - Level 8.4 Charms
 - Level 3.2 Transmutations
 + Level 12.7 Fire Magic
 - Level 2.0 Poison Magic


You had 5 spell levels left.
You knew the following spells:

 Your Spells              Type           Power        Failure   Level  Hunger
a - Magic Dart            Conj           ####         1%          1    None
b - Searing Ray           Conj           ######       1%          2    None
c - Conjure Flame         Conj/Fire      ######..     1%          3    None
d - Iskenderun's Battles  Conj/Chrm      ######..     1%          5    None
e - Irradiate             Conj/Trmt      #####.....   4%          5    None
f - Fireball              Conj/Fire      ######....   1%          5    None
g - Blink                 Tloc           N/A          12%         2    None
h - Ignite Poison         Fire/Trmt/Pois #####...     1%          3    None
i - Inner Flame           Hex/Fire       #####...     1%          3    None
j - Sublimation of Blood  Necr           ###.......   12%         2    None


Dungeon Overview and Level Annotations

Branches:
Dungeon (11/15)            Temple (1/1) D:6            Lair (2/8) D:9
    Orc (0/4) D:11

Altars:
Ashenzari
Cheibriados
Dithmenos
Elyvilon
Fedhas
Gozag
Makhleb
Nemelex Xobeh
Okawaru
Qazlal
Trog
Vehumet
Xom
Yredelemnul
Zin
Beogh

Shops:
D:6 (   D:9 :


Innate Abilities, Weirdness & Mutations

You have a pair of antennae on your head.
Armour fits poorly on your strangely shaped body.
You regenerate slowly when monsters are visible.


Message History

The five-headed hydra is engulfed in roaring flames.
The five-headed hydra closely misses you.
The five-headed hydra bites you. x2
The five-headed hydra bites you! The five-headed hydra misses you.
Casting: Magic Dart
Confirm with . or Enter, or press ? or * to list all spells.
Aiming: Magic Dart
Press: ? - help, Shift-Dir - straight line, f/p - five-headed hydra
Aim: a five-headed hydra (flame, moderately wounded)
The magic dart hits the five-headed hydra.
The five-headed hydra is heavily wounded.
Your battlesphere fires!
The barrage of energy hits the five-headed hydra.
The five-headed hydra is severely wounded.
The five-headed hydra is engulfed in roaring flames.
The five-headed hydra bites you! x2
* * * LOW HITPOINT WARNING * * *
The five-headed hydra completely misses you.
The five-headed hydra bites you!
You die...

##...######.......# *
**##.(...## ####...## ***
#.........## ##..#***,,
#..........## *,,*,,,,,
#...........######..*,,,,,
#######.............,,,,,,
##.#..*.....#.,8,,,,
#....#######*,,,,,,
***#.@.## **,,,,,
*****#....D## *,,,,,
*,,.........* ****,,
*,,...##†...# **,,
***..**##...#* *,,* **.**
#....* **,,* *,,* ##...**
**,,,* *,,* ##...*
***,,,,, *,,* **,,**
**,,,,,,,


You could see a five-headed hydra.

Vanquished Creatures
  A hydra (Lair:2)
  A hill giant (D:11)
  A cyclops (D:9)
  Maurice (D:10)
  Psyche (D:10)
  A spiny frog (Lair:2)
  A troll (D:10)
  9 blink frogs (Lair:2)
  A queen bee (Lair:1)
  3 yaks (Lair:2)
  2 hungry ghosts
  2 hippogriffs
  5 porcupines
  4 wolves (Lair:2)
  4 water moccasins
  A sky beast (D:8)
  16 orc warriors
  A black bear (Lair:1)
  8 ogres
  2 ice beasts
  An eye of draining (D:10)
  3 phantoms
  5 centaurs
  3 crocodiles
  6 giant frogs
  2 scorpions
  28 killer bees
  5 crimson imps
  4 hounds
  2 centaur skeletons
  3 giant frog skeletons
  8 orc priests
  5 iguanas
  7 orc wizards
  4 worker ants
  8 sheep (Lair:2)
  3 hound zombies
  4 hound skeletons
  3 worker ant zombies
  6 adders
  3 gnolls (D:7)
  23 river rats
  An adder zombie (D:7)
  An ooze (D:6)
  An adder skeleton (D:4)
  2 worms
  9 giant geckos
  87 orcs
  3 giant cockroaches
  12 goblins
  8 hobgoblins
  11 jackals
  14 kobolds
  2 ball pythons
  10 bats
  3 giant newts
  5 quokkas
  A quokka skeleton (D:5)
  9 rats
  A fungus (Lair:2)
381 creatures vanquished.

Vanquished Creatures (others)
  A giant frog skeleton (D:9)
  A fungus (Lair:2)
  A plant (Lair:2)
3 creatures vanquished.

Grand Total: 384 creatures vanquished

Notes
Turn   | Place    | Note
--------------------------------------------------------------
     0 | D:1      | tp1 the Deep Elf Conjurer began the quest for the Orb.
     0 | D:1      | Reached XP level 1. HP: 10/10 MP: 6/6
    91 | D:1      | Reached XP level 2. HP: 9/15 MP: 0/8
   222 | D:1      | Reached skill level 5 in Conjurations
   266 | D:1      | Learned a level 2 spell: Searing Ray
  1036 | D:1      | Reached XP level 3. HP: 19/19 MP: 7/9
  1653 | D:2      | Reached skill level 6 in Conjurations
  1935 | D:2      | Reached XP level 4. HP: 24/24 MP: 6/10
  3184 | D:3      | Reached skill level 7 in Conjurations
  3184 | D:3      | Reached XP level 5. HP: 28/28 MP: 8/11
  3191 | D:3      | Learned a level 5 spell: Iskenderun's Battlesphere
  3448 | D:3      | Found a burning altar of Makhleb.
  3650 | D:3      | Found a roughly hewn altar of Beogh.
  4117 | D:3      | Found a burning altar of Makhleb.
  4222 | D:3      | Found a roughly hewn altar of Beogh.
  4378 | D:4      | Reached skill level 8 in Conjurations
  4554 | D:4      | Reached XP level 6. HP: 32/32 MP: 9/12
  4583 | D:4      | Reached skill level 1 in Charms
  4834 | D:4      | Got an ancient lapis lazuli ring
  4836 | D:4      | Identified the ring "Xeankoluc" {rC+ Stlth+} (You found it on level 4 of the Dungeon)
  4989 | D:4      | Noticed a phantom
  5019 | D:4      | Killed a phantom
  5576 | D:4      | Reached skill level 5 in Charms
  5840 | D:5      | Entered Level 5 of the Dungeon
  5859 | D:5      | Reached XP level 7. HP: 27/36 MP: 1/13
  6613 | D:5      | Found a white marble altar of Elyvilon.
  7110 | D:5      | Found a shimmering altar of Xom.
  7801 | D:6      | Found Cerif's Weapon Shop.
  7832 | D:6      | Reached skill level 5 in Spellcasting
  7934 | D:6      | Reached XP level 8. HP: 41/41 MP: 9/19
  8127 | D:6      | Found a glowing silver altar of Zin.
  8491 | D:7      | Reached skill level 9 in Spellcasting
  8863 | D:7      | Reached skill level 10 in Spellcasting
  9420 | D:8      | Reached XP level 9. HP: 45/45 MP: 18/25
  9564 | D:8      | Reached skill level 11 in Spellcasting
  9581 | D:8      | Found an iron altar of Okawaru.
 10029 | D:8      | Found a shadowy altar of Dithmenos.
 10145 | D:9      | Found Pohoykue's Book Shoppe.
 10150 | D:9      | Found a staircase to the Lair.
 10155 | D:9      | Reached skill level 12 in Spellcasting
 10175 | D:9      | Noticed a cyclops
 10181 | D:9      | Killed a cyclops
 10483 | D:9      | Reached skill level 13 in Spellcasting
 10832 | Lair:1   | Entered Level 1 of the Lair of Beasts
 11083 | Lair:1   | Learned a level 3 spell: Ignite Poison
 11089 | Lair:1   | Learned a level 5 spell: Irradiate
 11119 | Lair:1   | Reached skill level 1 in Transmutations
 11277 | Lair:1   | Reached skill level 1 in Fire Magic
 11277 | Lair:1   | Reached XP level 10. HP: 50/50 MP: 11/29
 11874 | Lair:1   | Reached skill level 1 in Poison Magic
 12268 | D:6      | Found a bloodstained altar of Trog.
 12438 | D:6      | Reached skill level 5 in Dodging
 12504 | D:6      | Reached skill level 1 in Fighting
 12783 | D:6      | Found a staircase to the Ecumenical Temple.
 12792 | Temple   | Entered the Ecumenical Temple
 12850 | Temple   | Became a worshipper of Vehumet
 12980 | D:9      | Bought a book of Flames for 455 gold pieces
 12984 | D:9      | Learned a level 3 spell: Conjure Flame
 12988 | D:9      | Learned a level 3 spell: Inner Flame
 12994 | D:9      | Learned a level 5 spell: Fireball
 13067 | Lair:1   | Reached skill level 5 in Fire Magic
 13224 | Lair:2   | Reached * piety under Vehumet
 13224 | Lair:2   | Offered knowledge of Sting by Vehumet.
 13610 | Lair:2   | Learned a level 2 spell: Blink
 13671 | Lair:2   | Reached XP level 11. HP: 57/57 MP: 21/30
 13865 | Lair:2   | Noticed a seven-headed hydra
 13871 | Lair:2   | Killed a seven-headed hydra
 14101 | Lair:2   | Reached skill level 10 in Fire Magic
 14283 | Lair:2   | Reached ** piety under Vehumet
 14304 | Lair:2   | Offered knowledge of Freeze by Vehumet.
 15057 | D:10     | Entered Level 10 of the Dungeon
 15057 | D:10     | Noticed Psyche
 15061 | D:10     | Killed Psyche
 15127 | D:10     | Noticed Maurice
 15133 | D:10     | Killed Maurice
 15174 | D:10     | Identified a scroll of acquirement
 15737 | D:10     | Learned a level 2 spell: Sublimation of Blood
 16032 | D:11     | Found a flagged portal.
 16045 | Bailey   | Entered a bailey
 16100 | Bailey   | Offered knowledge of Throw Frost by Vehumet.
 16901 | D:11     | Reached *** piety under Vehumet
 16939 | D:11     | Gained mutation: Armour fits poorly on your strangely shaped body. [potion of mutation]
 16939 | D:11     | Gained mutation: You have a pair of small antennae on your head. [potion of mutation]
 16939 | D:11     | Gained mutation: You have a pair of antennae on your head. [potion of mutation]
 16954 | D:11     | Gained mutation: You regenerate slowly when monsters are visible. [mutagenic glow]
 16965 | D:11     | Noticed a hill giant
 16971 | D:11     | Killed a hill giant
 17060 | D:11     | Noticed a five-headed hydra
 17064 | D:11     | Slain by a five-headed hydra

Action                   |  1- 3 |  4- 6 |  7- 9 | 10-12 || total
-------------------------+-------+-------+-------+-------++-------
Melee: Unarmed           |     4 |       |       |       ||     4
       Hand axe          |    13 |    23 |       |       ||    36
       Quarterstaff      |       |    11 |     2 |     5 ||    18
 Cast: Magic Dart        |    71 |    85 |   178 |   229 ||   563
       Searing Ray       |     1 |    14 |    11 |     8 ||    34
       Iskenderun's Batt |       |     2 |    41 |    57 ||   100
       Ignite Poison     |       |       |     1 |     3 ||     4
       Conjure Flame     |       |       |       |    24 ||    24
       Inner Flame       |       |       |       |    11 ||    11
       Fireball          |       |       |       |     4 ||     4
       Blink             |       |       |       |     3 ||     3
  Use: Scroll            |       |       |    10 |    17 ||    27
       Potion            |       |       |       |     5 ||     5
  Eat: Chunk             |     3 |    10 |    16 |    21 ||    50
       Pizza             |       |     1 |       |       ||     1
       Beef jerky        |       |     1 |       |       ||     1
       Meat ration       |       |       |     2 |       ||     2
       Fruit             |       |       |       |     1 ||     1
